Workbook
Name _J1: #REF!
Name _J10: #REF!
Name _J2: #REF!
Name _J3: #REF!
Name _J4: #REF!
Name _J5: #REF!
Name _J6: #REF!
Name _J7: #REF!
Name _J8: #REF!
Name _J9: #REF!
Name _P1: #REF!
Name _P10: #REF!
Name _P2: #REF!
Name _P3: #REF!
Name _P4: #REF!
Name _P5: #REF!
Name _P6: #REF!
Name _P7: #REF!
Name _P8: #REF!
Name _P9: #REF!
Name BDI: Orçamento!$A$68:$B$72
Name CDHU: #REF!
Name SINAPI: #REF!
Name SINAPI_I: #REF!

Sheet Cronograma
A1: inserir logo da empresa
A3: CRONOGRAMA FISICO FINANCEIRO
A5: ESCOPO: | B5: =Orçamento!D5 -> CENTRO DE CONVIVÊNCIA DO IDOSO - ETAPA 2
A6: LOCAL: | B6: =Orçamento!D6 -> RUA JOSÉ BETIOL, 276 - DUMONT - SP
A8: ITEM | B8: PRÉDIO | C8: 1 | E8: =C8+1 -> 2 | G8: =E8+1 -> 3 | I8: =G8+1 -> 4 | K8: TOTAL
D9: 1 | F9: 1 | H9: 1 | J9: 1
A10: =Orçamento!C10 -> 1 | B10: =Orçamento!D10 -> SERVIÇOS INICIAIS | C10: =D10/$L10 -> #DIV/0! | D10: =SUM(D11:D13) -> 0 | E10: =F10/$L10 -> #DIV/0! | F10: =SUM(F11:F13) -> 0 | G10: =H10/$L10 -> #DIV/0! | H10: =SUM(H11:H13) -> 0 | I10: =J10/$L10 -> #DIV/0! | J10: =SUM(J13:J13) -> 0 | K10: =L10/$L10 -> #DIV/0! | L10: =SUM(L11:L13) -> 0 | N10: =IF(L10=Orçamento!H10,"OK","***") -> OK
A11: =Orçamento!C11 -> 1.1 | B11: =Orçamento!D11 -> Placa em lona com impressão digital e estrutura em madeira | C11: 1 | D11: =Orçamento!$H11*C11 -> 0 | F11: =Orçamento!$H11*E11 -> 0 | H11: =Orçamento!$H11*G11 -> 0 | J11: =Orçamento!$H11*I11 -> 0 | K11: =SUM(C11:J11)-SUMPRODUCT($C$9:$J$9,C11:J11) -> 1 | L11: =SUMPRODUCT($C$9:$J$9,C11:J11) -> 0 | N11: =IF(L11=Orçamento!H11,"OK","***") -> OK
A12: =Orçamento!C12 -> 1.2 | B12: =Orçamento!D12 -> Limpeza manual do terreno, inclusive troncos até 5 cm de diâmetro, com caminhão à disposição dentro da obra, até o raio de 1 km | C12: 1 | D12: =Orçamento!$H12*C12 -> 0 | F12: =Orçamento!$H12*E12 -> 0 | H12: =Orçamento!$H12*G12 -> 0 | J12: =Orçamento!$H12*I12 -> 0 | K12: =SUM(C12:J12)-SUMPRODUCT($C$9:$J$9,C12:J12) -> 1 | L12: =SUMPRODUCT($C$9:$J$9,C12:J12) -> 0 | N12: =IF(L12=Orçamento!H12,"OK","***") -> OK
A13: =Orçamento!C13 -> 1.3 | B13: =Orçamento!D13 -> Remoção de entulho separado de obra com caçamba metálica - terra, alvenaria, concreto, argamassa, madeira, papel, plástico ou metal | C13: 1 | D13: =Orçamento!$H13*C13 -> 0 | F13: =Orçamento!$H13*E13 -> 0 | H13: =Orçamento!$H13*G13 -> 0 | J13: =Orçamento!$H13*I13 -> 0 | K13: =SUM(C13:J13)-SUMPRODUCT($C$9:$J$9,C13:J13) -> 1 | L13: =SUMPRODUCT($C$9:$J$9,C13:J13) -> 0 | N13: =IF(L13=Orçamento!H13,"OK","***") -> OK
A14: =Orçamento!C14 -> 2 | B14: =Orçamento!D14 -> ALTEAMENTO MURO DE DIVISA | C14: =D14/$L14 -> #DIV/0! | D14: =SUM(D15:D35) -> 0 | E14: =F14/$L14 -> #DIV/0! | F14: =SUM(F15:F35) -> 0 | G14: =H14/$L14 -> #DIV/0! | H14: =SUM(H15:H35) -> 0 | I14: =J14/$L14 -> #DIV/0! | J14: =SUM(J15:J35) -> 0 | K14: =L14/$L14 -> #DIV/0! | L14: =SUM(L15:L35) -> 0 | N14: =IF(L14=Orçamento!H14,"OK","***") -> OK
A15: =Orçamento!C15 -> 2.1 | B15: =Orçamento!D15 -> Limpeza de superfície com hidrojateamento | C15: 1 | D15: =Orçamento!$H15*C15 -> 0 | F15: =Orçamento!$H15*E15 -> 0 | H15: =Orçamento!$H15*G15 -> 0 | J15: =Orçamento!$H15*I15 -> 0 | K15: =SUM(C15:J15)-SUMPRODUCT($C$9:$J$9,C15:J15) -> 1 | L15: =SUMPRODUCT($C$9:$J$9,C15:J15) -> 0 | N15: =IF(L15=Orçamento!H15,"OK","***") -> OK
A16: =Orçamento!C16 -> 2.2 | B16: =Orçamento!D16 -> Limpeza de armadura com escova de aço | C16: 1 | D16: =Orçamento!$H16*C16 -> 0 | F16: =Orçamento!$H16*E16 -> 0 | H16: =Orçamento!$H16*G16 -> 0 | J16: =Orçamento!$H16*I16 -> 0 | K16: =SUM(C16:J16)-SUMPRODUCT($C$9:$J$9,C16:J16) -> 1 | L16: =SUMPRODUCT($C$9:$J$9,C16:J16) -> 0 | N16: =IF(L16=Orçamento!H16,"OK","***") -> OK
A17: =Orçamento!C17 -> 2.3 | B17: =Orçamento!D17 -> Tratamento de armadura com produto anticorrosivo a base de zinco | C17: 1 | D17: =Orçamento!$H17*C17 -> 0 | F17: =Orçamento!$H17*E17 -> 0 | H17: =Orçamento!$H17*G17 -> 0 | J17: =Orçamento!$H17*I17 -> 0 | K17: =SUM(C17:J17)-SUMPRODUCT($C$9:$J$9,C17:J17) -> 1 | L17: =SUMPRODUCT($C$9:$J$9,C17:J17) -> 0 | N17: =IF(L17=Orçamento!H17,"OK","***") -> OK
A18: =Orçamento!C18 -> 2.4 | B18: =Orçamento!D18 -> Concreto usinado, fck = 25 MPa | D18: =Orçamento!$H18*C18 -> 0 | E18: 1 | F18: =Orçamento!$H18*E18 -> 0 | H18: =Orçamento!$H18*G18 -> 0 | J18: =Orçamento!$H18*I18 -> 0 | K18: =SUM(C18:J18)-SUMPRODUCT($C$9:$J$9,C18:J18) -> 1 | L18: =SUMPRODUCT($C$9:$J$9,C18:J18) -> 0 | N18: =IF(L18=Orçamento!H18,"OK","***") -> OK
A19: =Orçamento!C19 -> 2.5 | B19: =Orçamento!D19 -> Lançamento e adensamento de concreto ou massa em fundação | D19: =Orçamento!$H19*C19 -> 0 | E19: 1 | F19: =Orçamento!$H19*E19 -> 0 | H19: =Orçamento!$H19*G19 -> 0 | J19: =Orçamento!$H19*I19 -> 0 | K19: =SUM(C19:J19)-SUMPRODUCT($C$9:$J$9,C19:J19) -> 1 | L19: =SUMPRODUCT($C$9:$J$9,C19:J19) -> 0 | N19: =IF(L19=Orçamento!H19,"OK","***") -> OK
A20: =Orçamento!C20 -> 2.6 | B20: =Orçamento!D20 -> Armadura em barra de aço CA-50 (A ou B) fyk = 500 MPa | D20: =Orçamento!$H20*C20 -> 0 | E20: 1 | F20: =Orçamento!$H20*E20 -> 0 | H20: =Orçamento!$H20*G20 -> 0 | J20: =Orçamento!$H20*I20 -> 0 | K20: =SUM(C20:J20)-SUMPRODUCT($C$9:$J$9,C20:J20) -> 1 | L20: =SUMPRODUCT($C$9:$J$9,C20:J20) -> 0 | N20: =IF(L20=Orçamento!H20,"OK","***") -> OK
A21: =Orçamento!C21 -> 2.7 | B21: =Orçamento!D21 -> Forma em madeira comum para estrutura | D21: =Orçamento!$H21*C21 -> 0 | E21: 1 | F21: =Orçamento!$H21*E21 -> 0 | H21: =Orçamento!$H21*G21 -> 0 | J21: =Orçamento!$H21*I21 -> 0 | K21: =SUM(C21:J21)-SUMPRODUCT($C$9:$J$9,C21:J21) -> 1 | L21: =SUMPRODUCT($C$9:$J$9,C21:J21) -> 0 | N21: =IF(L21=Orçamento!H21,"OK","***") -> OK
A22: =Orçamento!C22 -> 2.8 | B22: =Orçamento!D22 -> Alvenaria de bloco de concreto de vedação de 19 x 19 x 39 cm - classe C | D22: =Orçamento!$H22*C22 -> 0 | E22: 1 | F22: =Orçamento!$H22*E22 -> 0 | H22: =Orçamento!$H22*G22 -> 0 | J22: =Orçamento!$H22*I22 -> 0 | K22: =SUM(C22:J22)-SUMPRODUCT($C$9:$J$9,C22:J22) -> 1 | L22: =SUMPRODUCT($C$9:$J$9,C22:J22) -> 0 | N22: =IF(L22=Orçamento!H22,"OK","***") -> OK
A23: =Orçamento!C23 -> 2.9 | B23: =Orçamento!D23 -> Chapisco | D23: =Orçamento!$H23*C23 -> 0 | E23: 1 | F23: =Orçamento!$H23*E23 -> 0 | H23: =Orçamento!$H23*G23 -> 0 | J23: =Orçamento!$H23*I23 -> 0 | K23: =SUM(C23:J23)-SUMPRODUCT($C$9:$J$9,C23:J23) -> 1 | L23: =SUMPRODUCT($C$9:$J$9,C23:J23) -> 0 | N23: =IF(L23=Orçamento!H23,"OK","***") -> OK
A24: =Orçamento!C24 -> 2.10 | B24: =Orçamento!D24 -> Emboço desempenado com argamassa industrializada | D24: =Orçamento!$H24*C24 -> 0 | E24: 1 | F24: =Orçamento!$H24*E24 -> 0 | H24: =Orçamento!$H24*G24 -> 0 | J24: =Orçamento!$H24*I24 -> 0 | K24: =SUM(C24:J24)-SUMPRODUCT($C$9:$J$9,C24:J24) -> 1 | L24: =SUMPRODUCT($C$9:$J$9,C24:J24) -> 0 | N24: =IF(L24=Orçamento!H24,"OK","***") -> OK
A25: =Orçamento!C25 -> 2.11 | B25: =Orçamento!D25 -> Calha, rufo, afins em chapa galvanizada nº 24 - corte 0,33 m | D25: =Orçamento!$H25*C25 -> 0 | F25: =Orçamento!$H25*E25 -> 0 | G25: 1 | H25: =Orçamento!$H25*G25 -> 0 | J25: =Orçamento!$H25*I25 -> 0 | K25: =SUM(C25:J25)-SUMPRODUCT($C$9:$J$9,C25:J25) -> 1 | L25: =SUMPRODUCT($C$9:$J$9,C25:J25) -> 0 | N25: =IF(L25=Orçamento!H25,"OK","***") -> OK
A26: =Orçamento!C26 -> 2.12 | B26: =Orçamento!D26 -> Contra-Rufo - Calha, rufo, afins em chapa galvanizada nº 24 - corte 0,33 m | D26: =Orçamento!$H26*C26 -> 0 | F26: =Orçamento!$H26*E26 -> 0 | G26: 1 | H26: =Orçamento!$H26*G26 -> 0 | J26: =Orçamento!$H26*I26 -> 0 | K26: =SUM(C26:J26)-SUMPRODUCT($C$9:$J$9,C26:J26) -> 1 | L26: =SUMPRODUCT($C$9:$J$9,C26:J26) -> 0 | N26: =IF(L26=Orçamento!H26,"OK","***") -> OK
A27: =Orçamento!C27 -> 2.13 | B27: =Orçamento!D27 -> Calha, rufo, afins em chapa galvanizada nº 24 - corte 0,50 m | D27: =Orçamento!$H27*C27 -> 0 | F27: =Orçamento!$H27*E27 -> 0 | G27: 1 | H27: =Orçamento!$H27*G27 -> 0 | J27: =Orçamento!$H27*I27 -> 0 | K27: =SUM(C27:J27)-SUMPRODUCT($C$9:$J$9,C27:J27) -> 1 | L27: =SUMPRODUCT($C$9:$J$9,C27:J27) -> 0 | N27: =IF(L27=Orçamento!H27,"OK","***") -> OK
A28: =Orçamento!C28 -> 2.14 | B28: =Orçamento!D28 -> Piso com requadro em concreto simples sem controle de fck | D28: =Orçamento!$H28*C28 -> 0 | E28: 1 | F28: =Orçamento!$H28*E28 -> 0 | H28: =Orçamento!$H28*G28 -> 0 | J28: =Orçamento!$H28*I28 -> 0 | K28: =SUM(C28:J28)-SUMPRODUCT($C$9:$J$9,C28:J28) -> 1 | L28: =SUMPRODUCT($C$9:$J$9,C28:J28) -> 0 | N28: =IF(L28=Orçamento!H28,"OK","***") -> OK
A29: =Orçamento!C29 -> 2.15 | B29: =Orçamento!D29 -> Acrílico para quadras e pisos cimentados | D29: =Orçamento!$H29*C29 -> 0 | F29: =Orçamento!$H29*E29 -> 0 | H29: =Orçamento!$H29*G29 -> 0 | I29: 1 | J29: =Orçamento!$H29*I29 -> 0 | K29: =SUM(C29:J29)-SUMPRODUCT($C$9:$J$9,C29:J29) -> 1 | L29: =SUMPRODUCT($C$9:$J$9,C29:J29) -> 0 | N29: =IF(L29=Orçamento!H29,"OK","***") -> OK
A30: =Orçamento!C30 -> 2.16 | B30: =Orçamento!D30 -> Grelha em ferro fundido para caixas e canaletas | D30: =Orçamento!$H30*C30 -> 0 | F30: =Orçamento!$H30*E30 -> 0 | G30: 1 | H30: =Orçamento!$H30*G30 -> 0 | J30: =Orçamento!$H30*I30 -> 0 | K30: =SUM(C30:J30)-SUMPRODUCT($C$9:$J$9,C30:J30) -> 1 | L30: =SUMPRODUCT($C$9:$J$9,C30:J30) -> 0 | N30: =IF(L30=Orçamento!H30,"OK","***") -> OK
A31: =Orçamento!C31 -> 2.17 | B31: =Orçamento!D31 -> Textura acrílica para uso interno / externo, inclusive preparo | D31: =Orçamento!$H31*C31 -> 0 | F31: =Orçamento!$H31*E31 -> 0 | H31: =Orçamento!$H31*G31 -> 0 | I31: 1 | J31: =Orçamento!$H31*I31 -> 0 | K31: =SUM(C31:J31)-SUMPRODUCT($C$9:$J$9,C31:J31) -> 1 | L31: =SUMPRODUCT($C$9:$J$9,C31:J31) -> 0 | N31: =IF(L31=Orçamento!H31,"OK","***") -> OK
A32: =Orçamento!C32 -> 2.18 | B32: =Orçamento!D32 -> Eletroduto de PVC corrugado flexível leve, diâmetro externo de 32 mm | D32: =Orçamento!$H32*C32 -> 0 | E32: 1 | F32: =Orçamento!$H32*E32 -> 0 | H32: =Orçamento!$H32*G32 -> 0 | J32: =Orçamento!$H32*I32 -> 0 | K32: =SUM(C32:J32)-SUMPRODUCT($C$9:$J$9,C32:J32) -> 1 | L32: =SUMPRODUCT($C$9:$J$9,C32:J32) -> 0 | N32: =IF(L32=Orçamento!H32,"OK","***") -> OK
A33: =Orçamento!C33 -> 2.19 | B33: =Orçamento!D33 -> Caixa de ferro estampada 4´ x 2´ | D33: =Orçamento!$H33*C33 -> 0 | E33: 1 | F33: =Orçamento!$H33*E33 -> 0 | H33: =Orçamento!$H33*G33 -> 0 | J33: =Orçamento!$H33*I33 -> 0 | K33: =SUM(C33:J33)-SUMPRODUCT($C$9:$J$9,C33:J33) -> 1 | L33: =SUMPRODUCT($C$9:$J$9,C33:J33) -> 0 | N33: =IF(L33=Orçamento!H33,"OK","***") -> OK
A34: =Orçamento!C34 -> 2.20 | B34: =Orçamento!D34 -> Cabo de cobre flexível de 1,5 mm², isolamento 0,6/1kV - isolação HEPR 90°C | D34: =Orçamento!$H34*C34 -> 0 | F34: =Orçamento!$H34*E34 -> 0 | H34: =Orçamento!$H34*G34 -> 0 | I34: 1 | J34: =Orçamento!$H34*I34 -> 0 | K34: =SUM(C34:J34)-SUMPRODUCT($C$9:$J$9,C34:J34) -> 1 | L34: =SUMPRODUCT($C$9:$J$9,C34:J34) -> 0 | N34: =IF(L34=Orçamento!H34,"OK","***") -> OK
A35: =Orçamento!C35 -> 2.21 | B35: =Orçamento!D35 -> Luminária blindada tipo arandela de 45º e 90º, para lâmpada LED | D35: =Orçamento!$H35*C35 -> 0 | F35: =Orçamento!$H35*E35 -> 0 | H35: =Orçamento!$H35*G35 -> 0 | I35: 1 | J35: =Orçamento!$H35*I35 -> 0 | K35: =SUM(C35:J35)-SUMPRODUCT($C$9:$J$9,C35:J35) -> 1 | L35: =SUMPRODUCT($C$9:$J$9,C35:J35) -> 0 | N35: =IF(L35=Orçamento!H35,"OK","***") -> OK
A36: =Orçamento!C36 -> 3 | B36: =Orçamento!D36 -> CALÇADA E GRADIL FRONTAL | C36: =D36/$L36 -> #DIV/0! | D36: =SUM(D37:D44) -> 0 | E36: =F36/$L36 -> #DIV/0! | F36: =SUM(F37:F44) -> 0 | G36: =H36/$L36 -> #DIV/0! | H36: =SUM(H37:H44) -> 0 | I36: =J36/$L36 -> #DIV/0! | J36: =SUM(J37:J44) -> 0 | K36: =L36/$L36 -> #DIV/0! | L36: =SUM(L37:L44) -> 0 | N36: =IF(L36=Orçamento!H36,"OK","***") -> OK
A37: =Orçamento!C37 -> 3.1 | B37: =Orçamento!D37 -> Gradil de Fechamento com Portões - Grade em barra chata soldada de 1 1/2´ x 1/4´, sob medida - Contendo 3 portões para veículos e 1 portão para pedestre - Pintado com esmalte | D37: =Orçamento!$H37*C37 -> 0 | F37: =Orçamento!$H37*E37 -> 0 | H37: =Orçamento!$H37*G37 -> 0 | I37: 1 | J37: =Orçamento!$H37*I37 -> 0 | K37: =SUM(C37:J37)-SUMPRODUCT($C$9:$J$9,C37:J37) -> 1 | L37: =SUMPRODUCT($C$9:$J$9,C37:J37) -> 0 | N37: =IF(L37=Orçamento!H37,"OK","***") -> OK
A38: =Orçamento!C38 -> 3.2 | B38: =Orçamento!D38 -> Demolição manual de concreto simples | D38: =Orçamento!$H38*C38 -> 0 | F38: =Orçamento!$H38*E38 -> 0 | H38: =Orçamento!$H38*G38 -> 0 | I38: 1 | J38: =Orçamento!$H38*I38 -> 0 | K38: =SUM(C38:J38)-SUMPRODUCT($C$9:$J$9,C38:J38) -> 1 | L38: =SUMPRODUCT($C$9:$J$9,C38:J38) -> 0 | N38: =IF(L38=Orçamento!H38,"OK","***") -> OK
A39: =Orçamento!C39 -> 3.3 | B39: =Orçamento!D39 -> Piso com requadro em concreto simples sem controle de fck | D39: =Orçamento!$H39*C39 -> 0 | F39: =Orçamento!$H39*E39 -> 0 | H39: =Orçamento!$H39*G39 -> 0 | I39: 1 | J39: =Orçamento!$H39*I39 -> 0 | K39: =SUM(C39:J39)-SUMPRODUCT($C$9:$J$9,C39:J39) -> 1 | L39: =SUMPRODUCT($C$9:$J$9,C39:J39) -> 0 | N39: =IF(L39=Orçamento!H39,"OK","***") -> OK
A40: =Orçamento!C40 -> 3.4 | B40: =Orçamento!D40 -> Caixa enterrada hidráulica retangular em alvenaria com tijolos cerâmicos maciços, dimensões internas: 0,6x0,6x0,6 m para rede de esgoto. af_12/2020 | D40: =Orçamento!$H40*C40 -> 0 | F40: =Orçamento!$H40*E40 -> 0 | H40: =Orçamento!$H40*G40 -> 0 | I40: 1 | J40: =Orçamento!$H40*I40 -> 0 | K40: =SUM(C40:J40)-SUMPRODUCT($C$9:$J$9,C40:J40) -> 1 | L40: =SUMPRODUCT($C$9:$J$9,C40:J40) -> 0 | N40: =IF(L40=Orçamento!H40,"OK","***") -> OK
A41: =Orçamento!C41 -> 3.5 | B41: =Orçamento!D41 -> Tubo de PVC rígido branco PxB com virola e anel de borracha, linha esgoto série normal, DN= 100 mm, inclusive conexões | D41: =Orçamento!$H41*C41 -> 0 | F41: =Orçamento!$H41*E41 -> 0 | H41: =Orçamento!$H41*G41 -> 0 | I41: 1 | J41: =Orçamento!$H41*I41 -> 0 | K41: =SUM(C41:J41)-SUMPRODUCT($C$9:$J$9,C41:J41) -> 1 | L41: =SUMPRODUCT($C$9:$J$9,C41:J41) -> 0 | N41: =IF(L41=Orçamento!H41,"OK","***") -> OK
A42: =Orçamento!C42 -> 3.6 | B42: =Orçamento!D42 -> Dreno com pedra britada | D42: =Orçamento!$H42*C42 -> 0 | F42: =Orçamento!$H42*E42 -> 0 | H42: =Orçamento!$H42*G42 -> 0 | I42: 1 | J42: =Orçamento!$H42*I42 -> 0 | K42: =SUM(C42:J42)-SUMPRODUCT($C$9:$J$9,C42:J42) -> 1 | L42: =SUMPRODUCT($C$9:$J$9,C42:J42) -> 0 | N42: =IF(L42=Orçamento!H42,"OK","***") -> OK
A43: =Orçamento!C43 -> 3.7 | B43: =Orçamento!D43 -> Acrílico para quadras e pisos cimentados | D43: =Orçamento!$H43*C43 -> 0 | F43: =Orçamento!$H43*E43 -> 0 | H43: =Orçamento!$H43*G43 -> 0 | I43: 1 | J43: =Orçamento!$H43*I43 -> 0 | K43: =SUM(C43:J43)-SUMPRODUCT($C$9:$J$9,C43:J43) -> 1 | L43: =SUMPRODUCT($C$9:$J$9,C43:J43) -> 0 | N43: =IF(L43=Orçamento!H43,"OK","***") -> OK
A44: =Orçamento!C44 -> 3.8 | B44: =Orçamento!D44 -> Remoção de entulho separado de obra com caçamba metálica - terra, alvenaria, concreto, argamassa, madeira, papel, plástico ou metal | D44: =Orçamento!$H44*C44 -> 0 | F44: =Orçamento!$H44*E44 -> 0 | H44: =Orçamento!$H44*G44 -> 0 | I44: 1 | J44: =Orçamento!$H44*I44 -> 0 | K44: =SUM(C44:J44)-SUMPRODUCT($C$9:$J$9,C44:J44) -> 1 | L44: =SUMPRODUCT($C$9:$J$9,C44:J44) -> 0 | N44: =IF(L44=Orçamento!H44,"OK","***") -> OK
A45: =Orçamento!C45 -> 4 | B45: =Orçamento!D45 -> CAIXA DRENAGEM - FUNDO (AP E ESG) | C45: =D45/$L45 -> #DIV/0! | D45: =SUM(D46:D59) -> 0 | E45: =F45/$L45 -> #DIV/0! | F45: =SUM(F46:F59) -> 0 | G45: =H45/$L45 -> #DIV/0! | H45: =SUM(H46:H59) -> 0 | I45: =J45/$L45 -> #DIV/0! | J45: =SUM(J46:J59) -> 0 | K45: =L45/$L45 -> #DIV/0! | L45: =SUM(L46:L59) -> 0 | N45: =IF(L45=Orçamento!H45,"OK","***") -> OK
A46: =Orçamento!C46 -> 4.1 | B46: =Orçamento!D46 -> Escavação manual em solo de 1ª e 2ª categoria em vala ou cava até 1,5 m | C46: 1 | D46: =Orçamento!$H46*C46 -> 0 | F46: =Orçamento!$H46*E46 -> 0 | H46: =Orçamento!$H46*G46 -> 0 | J46: =Orçamento!$H46*I46 -> 0 | K46: =SUM(C46:J46)-SUMPRODUCT($C$9:$J$9,C46:J46) -> 1 | L46: =SUMPRODUCT($C$9:$J$9,C46:J46) -> 0 | N46: =IF(L46=Orçamento!H46,"OK","***") -> OK
A47: =Orçamento!C47 -> 4.2 | B47: =Orçamento!D47 -> Lastro de pedra britada | C47: 1 | D47: =Orçamento!$H47*C47 -> 0 | F47: =Orçamento!$H47*E47 -> 0 | H47: =Orçamento!$H47*G47 -> 0 | J47: =Orçamento!$H47*I47 -> 0 | K47: =SUM(C47:J47)-SUMPRODUCT($C$9:$J$9,C47:J47) -> 1 | L47: =SUMPRODUCT($C$9:$J$9,C47:J47) -> 0 | N47: =IF(L47=Orçamento!H47,"OK","***") -> OK
A48: =Orçamento!C48 -> 4.3 | B48: =Orçamento!D48 -> Forma em madeira comum para estrutura | D48: =Orçamento!$H48*C48 -> 0 | E48: 1 | F48: =Orçamento!$H48*E48 -> 0 | H48: =Orçamento!$H48*G48 -> 0 | J48: =Orçamento!$H48*I48 -> 0 | K48: =SUM(C48:J48)-SUMPRODUCT($C$9:$J$9,C48:J48) -> 1 | L48: =SUMPRODUCT($C$9:$J$9,C48:J48) -> 0 | N48: =IF(L48=Orçamento!H48,"OK","***") -> OK
A49: =Orçamento!C49 -> 4.4 | B49: =Orçamento!D49 -> Armadura em barra de aço CA-50 (A ou B) fyk = 500 MPa | D49: =Orçamento!$H49*C49 -> 0 | E49: 1 | F49: =Orçamento!$H49*E49 -> 0 | H49: =Orçamento!$H49*G49 -> 0 | J49: =Orçamento!$H49*I49 -> 0 | K49: =SUM(C49:J49)-SUMPRODUCT($C$9:$J$9,C49:J49) -> 1 | L49: =SUMPRODUCT($C$9:$J$9,C49:J49) -> 0 | N49: =IF(L49=Orçamento!H49,"OK","***") -> OK
A50: =Orçamento!C50 -> 4.5 | B50: =Orçamento!D50 -> Concreto usinado, fck = 20 MPa | D50: =Orçamento!$H50*C50 -> 0 | E50: 1 | F50: =Orçamento!$H50*E50 -> 0 | H50: =Orçamento!$H50*G50 -> 0 | J50: =Orçamento!$H50*I50 -> 0 | K50: =SUM(C50:J50)-SUMPRODUCT($C$9:$J$9,C50:J50) -> 1 | L50: =SUMPRODUCT($C$9:$J$9,C50:J50) -> 0 | N50: =IF(L50=Orçamento!H50,"OK","***") -> OK
A51: =Orçamento!C51 -> 4.6 | B51: =Orçamento!D51 -> Lançamento e adensamento de concreto ou massa em estrutura | D51: =Orçamento!$H51*C51 -> 0 | E51: 1 | F51: =Orçamento!$H51*E51 -> 0 | H51: =Orçamento!$H51*G51 -> 0 | J51: =Orçamento!$H51*I51 -> 0 | K51: =SUM(C51:J51)-SUMPRODUCT($C$9:$J$9,C51:J51) -> 1 | L51: =SUMPRODUCT($C$9:$J$9,C51:J51) -> 0 | N51: =IF(L51=Orçamento!H51,"OK","***") -> OK
A52: =Orçamento!C52 -> 4.7 | B52: =Orçamento!D52 -> Reaterro manual apiloado sem controle de compactação | D52: =Orçamento!$H52*C52 -> 0 | F52: =Orçamento!$H52*E52 -> 0 | G52: 1 | H52: =Orçamento!$H52*G52 -> 0 | J52: =Orçamento!$H52*I52 -> 0 | K52: =SUM(C52:J52)-SUMPRODUCT($C$9:$J$9,C52:J52) -> 1 | L52: =SUMPRODUCT($C$9:$J$9,C52:J52) -> 0 | N52: =IF(L52=Orçamento!H52,"OK","***") -> OK
A53: =Orçamento!C53 -> 4.8 | B53: =Orçamento!D53 -> Remoção de entulho separado de obra com caçamba metálica - terra, alvenaria, concreto, argamassa, madeira, papel, plástico ou metal | D53: =Orçamento!$H53*C53 -> 0 | F53: =Orçamento!$H53*E53 -> 0 | G53: 1 | H53: =Orçamento!$H53*G53 -> 0 | J53: =Orçamento!$H53*I53 -> 0 | K53: =SUM(C53:J53)-SUMPRODUCT($C$9:$J$9,C53:J53) -> 1 | L53: =SUMPRODUCT($C$9:$J$9,C53:J53) -> 0 | N53: =IF(L53=Orçamento!H53,"OK","***") -> OK
A54: =Orçamento!C54 -> 4.9 | B54: =Orçamento!D54 -> Impermeabilização em pintura de asfalto oxidado com solventes orgânicos, sobre massa | D54: =Orçamento!$H54*C54 -> 0 | F54: =Orçamento!$H54*E54 -> 0 | G54: 1 | H54: =Orçamento!$H54*G54 -> 0 | J54: =Orçamento!$H54*I54 -> 0 | K54: =SUM(C54:J54)-SUMPRODUCT($C$9:$J$9,C54:J54) -> 1 | L54: =SUMPRODUCT($C$9:$J$9,C54:J54) -> 0 | N54: =IF(L54=Orçamento!H54,"OK","***") -> OK
A55: =Orçamento!C55 -> 4.10 | B55: =Orçamento!D55 -> Tubo de PVC rígido branco PxB com virola e anel de borracha, linha esgoto série normal, DN= 100 mm, inclusive conexões | D55: =Orçamento!$H55*C55 -> 0 | F55: =Orçamento!$H55*E55 -> 0 | G55: 1 | H55: =Orçamento!$H55*G55 -> 0 | J55: =Orçamento!$H55*I55 -> 0 | K55: =SUM(C55:J55)-SUMPRODUCT($C$9:$J$9,C55:J55) -> 1 | L55: =SUMPRODUCT($C$9:$J$9,C55:J55) -> 0 | N55: =IF(L55=Orçamento!H55,"OK","***") -> OK
A56: =Orçamento!C56 -> 4.11 | B56: =Orçamento!D56 -> Conjunto motor-bomba submersível vertical para águas residuais, Q= 2 a16 m³/h, Hman= 12 a 2 mca, potência de 0,5 cv | D56: =Orçamento!$H56*C56 -> 0 | F56: =Orçamento!$H56*E56 -> 0 | H56: =Orçamento!$H56*G56 -> 0 | I56: 1 | J56: =Orçamento!$H56*I56 -> 0 | K56: =SUM(C56:J56)-SUMPRODUCT($C$9:$J$9,C56:J56) -> 1 | L56: =SUMPRODUCT($C$9:$J$9,C56:J56) -> 0 | N56: =IF(L56=Orçamento!H56,"OK","***") -> OK
A57: =Orçamento!C57 -> 4.12 | B57: =Orçamento!D57 -> Eletroduto de PVC corrugado flexível leve, diâmetro externo de 32 mm | D57: =Orçamento!$H57*C57 -> 0 | E57: 1 | F57: =Orçamento!$H57*E57 -> 0 | H57: =Orçamento!$H57*G57 -> 0 | J57: =Orçamento!$H57*I57 -> 0 | K57: =SUM(C57:J57)-SUMPRODUCT($C$9:$J$9,C57:J57) -> 1 | L57: =SUMPRODUCT($C$9:$J$9,C57:J57) -> 0 | N57: =IF(L57=Orçamento!H57,"OK","***") -> OK
A58: =Orçamento!C58 -> 4.13 | B58: =Orçamento!D58 -> Cabo de cobre flexível de 4 mm², isolamento 0,6/1kV - isolação HEPR 90°C | D58: =Orçamento!$H58*C58 -> 0 | F58: =Orçamento!$H58*E58 -> 0 | H58: =Orçamento!$H58*G58 -> 0 | I58: 1 | J58: =Orçamento!$H58*I58 -> 0 | K58: =SUM(C58:J58)-SUMPRODUCT($C$9:$J$9,C58:J58) -> 1 | L58: =SUMPRODUCT($C$9:$J$9,C58:J58) -> 0 | N58: =IF(L58=Orçamento!H58,"OK","***") -> OK
A59: =Orçamento!C59 -> 4.14 | B59: =Orçamento!D59 -> Chave de nível tipo boia pendular (pera), com contato micro switch | D59: =Orçamento!$H59*C59 -> 0 | F59: =Orçamento!$H59*E59 -> 0 | H59: =Orçamento!$H59*G59 -> 0 | I59: 1 | J59: =Orçamento!$H59*I59 -> 0 | K59: =SUM(C59:J59)-SUMPRODUCT($C$9:$J$9,C59:J59) -> 1 | L59: =SUMPRODUCT($C$9:$J$9,C59:J59) -> 0 | N59: =IF(L59=Orçamento!H59,"OK","***") -> OK
A60: =Orçamento!C60 -> 5 | B60: =Orçamento!D60 -> SERVIÇOS COMPLEMENTARES / FINAIS | C60: =D60/$L60 -> #DIV/0! | D60: =SUM(D61:D66) -> 0 | E60: =F60/$L60 -> #DIV/0! | F60: =SUM(F61:F66) -> 0 | G60: =H60/$L60 -> #DIV/0! | H60: =SUM(H61:H66) -> 0 | I60: =J60/$L60 -> #DIV/0! | J60: =SUM(J61:J66) -> 0 | K60: =L60/$L60 -> #DIV/0! | L60: =SUM(L61:L66) -> 0 | N60: =IF(L60=Orçamento!H60,"OK","***") -> OK
A61: =Orçamento!C61 -> 5.1 | B61: =Orçamento!D61 -> Limpeza e regularização de áreas para ajardinamento (jardins e canteiros) | D61: =Orçamento!$H61*C61 -> 0 | F61: =Orçamento!$H61*E61 -> 0 | G61: 1 | H61: =Orçamento!$H61*G61 -> 0 | J61: =Orçamento!$H61*I61 -> 0 | K61: =SUM(C61:J61)-SUMPRODUCT($C$9:$J$9,C61:J61) -> 1 | L61: =SUMPRODUCT($C$9:$J$9,C61:J61) -> 0 | N61: =IF(L61=Orçamento!H61,"OK","***") -> OK
A62: =Orçamento!C62 -> 5.2 | B62: =Orçamento!D62 -> Plantio de grama esmeralda em placas (jardins e canteiros) | D62: =Orçamento!$H62*C62 -> 0 | F62: =Orçamento!$H62*E62 -> 0 | H62: =Orçamento!$H62*G62 -> 0 | I62: 1 | J62: =Orçamento!$H62*I62 -> 0 | K62: =SUM(C62:J62)-SUMPRODUCT($C$9:$J$9,C62:J62) -> 1 | L62: =SUMPRODUCT($C$9:$J$9,C62:J62) -> 0 | N62: =IF(L62=Orçamento!H62,"OK","***") -> OK
A63: =Orçamento!C63 -> 5.3 | B63: =Orçamento!D63 -> Forração com Lírio Amarelo, mínimo 18 mudas / m² - h= 0,50 m | D63: =Orçamento!$H63*C63 -> 0 | F63: =Orçamento!$H63*E63 -> 0 | H63: =Orçamento!$H63*G63 -> 0 | I63: 1 | J63: =Orçamento!$H63*I63 -> 0 | K63: =SUM(C63:J63)-SUMPRODUCT($C$9:$J$9,C63:J63) -> 1 | L63: =SUMPRODUCT($C$9:$J$9,C63:J63) -> 0 | N63: =IF(L63=Orçamento!H63,"OK","***") -> OK
A64: =Orçamento!C64 -> 5.4 | B64: =Orçamento!D64 -> Forração com clorofito, mínimo de 20 mudas / m² - h= 0,15 m | D64: =Orçamento!$H64*C64 -> 0 | F64: =Orçamento!$H64*E64 -> 0 | H64: =Orçamento!$H64*G64 -> 0 | I64: 1 | J64: =Orçamento!$H64*I64 -> 0 | K64: =SUM(C64:J64)-SUMPRODUCT($C$9:$J$9,C64:J64) -> 1 | L64: =SUMPRODUCT($C$9:$J$9,C64:J64) -> 0 | N64: =IF(L64=Orçamento!H64,"OK","***") -> OK
A65: =Orçamento!C65 -> 5.5 | B65: =Orçamento!D65 -> Arbusto Moréia - h= 0,50 m | D65: =Orçamento!$H65*C65 -> 0 | F65: =Orçamento!$H65*E65 -> 0 | H65: =Orçamento!$H65*G65 -> 0 | I65: 1 | J65: =Orçamento!$H65*I65 -> 0 | K65: =SUM(C65:J65)-SUMPRODUCT($C$9:$J$9,C65:J65) -> 1 | L65: =SUMPRODUCT($C$9:$J$9,C65:J65) -> 0 | N65: =IF(L65=Orçamento!H65,"OK","***") -> OK
A66: =Orçamento!C66 -> 5.6 | B66: =Orçamento!D66 -> Remoção de entulho separado de obra com caçamba metálica - terra, alvenaria, concreto, argamassa, madeira, papel, plástico ou metal | D66: =Orçamento!$H66*C66 -> 0 | F66: =Orçamento!$H66*E66 -> 0 | H66: =Orçamento!$H66*G66 -> 0 | I66: 1 | J66: =Orçamento!$H66*I66 -> 0 | K66: =SUM(C66:J66)-SUMPRODUCT($C$9:$J$9,C66:J66) -> 1 | L66: =SUMPRODUCT($C$9:$J$9,C66:J66) -> 0 | N66: =IF(L66=Orçamento!H66,"OK","***") -> OK
B67: TOTALIZADOR MENSAL | D67: =SUM(D10:D66)/2 -> 0 | F67: =SUM(F10:F66)/2 -> 0 | H67: =SUM(H10:H66)/2 -> 0 | J67: =SUM(J10:J66)/2 -> 0 | L67: =SUM(L10:L66)/2 -> 0
B68: ACUMULADO | D68: =D67 -> 0 | F68: =F67+D68 -> 0 | H68: =H67+F68 -> 0 | J68: =J67+H68 -> 0 | N68: =IF(L67=Orçamento!H68,"OK","***") -> OK
B71: =Orçamento!C70 -> Cidade e data

Sheet Orçamento
C1: inserir logo da empresa
C3: PLANILHA DE ORÇAMENTÁRIA
C5: ESCOPO: | D5: CENTRO DE CONVIVÊNCIA DO IDOSO - ETAPA 2
C6: LOCAL: | D6: RUA JOSÉ BETIOL, 276 - DUMONT - SP
A8: Código | B8: Referência | C8: Item | D8: Descrição | E8: Unidade | F8: Qtde | G8: P.Unitário | H8: Total
C10: 1 | D10: SERVIÇOS INICIAIS | H10: =SUM(H11:H13) -> 0 | I10: =H10/$H$68 -> #DIV/0!
A11: 02.08.050 | B11: CDHU | C11: 1.1 | D11: Placa em lona com impressão digital e estrutura em madeira | E11: M2 | F11: 7 | H11: =CEILING(F11*G11,0.01) -> 0
A12: 02.09.030 | B12: CDHU | C12: 1.2 | D12: Limpeza manual do terreno, inclusive troncos até 5 cm de diâmetro, com caminhão à disposição dentro da obra, até o raio de 1 km | E12: M2 | F12: 604.95 | H12: =CEILING(F12*G12,0.01) -> 0
A13: 05.07.040 | B13: CDHU | C13: 1.3 | D13: Remoção de entulho separado de obra com caçamba metálica - terra, alvenaria, concreto, argamassa, madeira, papel, plástico ou metal | E13: M3 | F13: 30.2475 | H13: =CEILING(F13*G13,0.01) -> 0
C14: 2 | D14: ALTEAMENTO MURO DE DIVISA | H14: =SUM(H15:H35) -> 0 | I14: =H14/$H$68 -> #DIV/0!
A15: 55.01.140 | B15: CDHU | C15: 2.1 | D15: Limpeza de superfície com hidrojateamento | E15: M2 | F15: 35.4 | H15: =CEILING(F15*G15,0.01) -> 0
A16: 01.23.020 | B16: CDHU | C16: 2.2 | D16: Limpeza de armadura com escova de aço | E16: M2 | F16: 3.5 | H16: =CEILING(F16*G16,0.01) -> 0
A17: 01.23.056 | B17: CDHU | C17: 2.3 | D17: Tratamento de armadura com produto anticorrosivo a base de zinco | E17: M2 | F17: 3.5 | H17: =CEILING(F17*G17,0.01) -> 0
A18: 11.01.130 | B18: CDHU | C18: 2.4 | D18: Concreto usinado, fck = 25 MPa | E18: M3 | F18: 8.48 | H18: =CEILING(F18*G18,0.01) -> 0
A19: 11.16.040 | B19: CDHU | C19: 2.5 | D19: Lançamento e adensamento de concreto ou massa em fundação | E19: M3 | F19: 8.48 | H19: =CEILING(F19*G19,0.01) -> 0
A20: 10.01.040 | B20: CDHU | C20: 2.6 | D20: Armadura em barra de aço CA-50 (A ou B) fyk = 500 MPa | E20: KG | F20: 678.4 | H20: =CEILING(F20*G20,0.01) -> 0
A21: 09.01.030 | B21: CDHU | C21: 2.7 | D21: Forma em madeira comum para estrutura | E21: M2 | F21: 51.2 | H21: =CEILING(F21*G21,0.01) -> 0
A22: 14.10.121 | B22: CDHU | C22: 2.8 | D22: Alvenaria de bloco de concreto de vedação de 19 x 19 x 39 cm - classe C | E22: M2 | F22: 128.4 | H22: =CEILING(F22*G22,0.01) -> 0
A23: 17.02.020 | B23: CDHU | C23: 2.9 | D23: Chapisco | E23: M2 | F23: 235.4 | H23: =CEILING(F23*G23,0.01) -> 0
A24: 17.02.160 | B24: CDHU | C24: 2.10 | D24: Emboço desempenado com argamassa industrializada | E24: M2 | F24: 235.4 | H24: =CEILING(F24*G24,0.01) -> 0
A25: 16.33.022 | B25: CDHU | C25: 2.11 | D25: Calha, rufo, afins em chapa galvanizada nº 24 - corte 0,33 m | E25: M | F25: 95.2 | H25: =CEILING(F25*G25,0.01) -> 0
A26: 16.33.022 | B26: CDHU | C26: 2.12 | D26: Contra-Rufo - Calha, rufo, afins em chapa galvanizada nº 24 - corte 0,33 m | E26: M | F26: 95.2 | H26: =CEILING(F26*G26,0.01) -> 0
... A35: 41.13.102 | B35: CDHU | C35: 2.21 | D35: Luminária blindada tipo arandela de 45º e 90º, para lâmpada LED | E35: UN | F35: 26 | H35: =CEILING(F35*G35,0.01) -> 0
C36: 3 | D36: CALÇADA E GRADIL FRONTAL | H36: =SUM(H37:H44) -> 0 | I36: =H36/$H$68 -> #DIV/0!
A37: 24.02.490 | B37: CDHU | C37: 3.1 | D37: Gradil de Fechamento com Portões - Grade em barra chata soldada de 1 1/2´ x 1/4´, sob medida - Contendo 3 portões para veículos e 1 portão para pedestre - Pintado com esmalte | E37: M2 | F37: 92.5 | H37: =CEILING(F37*G37,0.01) -> 0
A38: 03.01.020 | B38: CDHU | C38: 3.2 | D38: Demolição manual de concreto simples | E38: M3 | F38: 6.475 | H38: =CEILING(F38*G38,0.01) -> 0
A39: 17.05.020 | B39: CDHU | C39: 3.3 | D39: Piso com requadro em concreto simples sem controle de fck | E39: M3 | F39: 6.475 | H39: =CEILING(F39*G39,0.01) -> 0
A40: 97902 | B40: SINAPI | C40: 3.4 | D40: Caixa enterrada hidráulica retangular em alvenaria com tijolos cerâmicos maciços, dimensões internas: 0,6x0,6x0,6 m para rede de esgoto. af_12/2020 | E40: UN | F40: 3 | H40: =CEILING(F40*G40,0.01) -> 0
A41: 46.02.070 | B41: CDHU | C41: 3.5 | D41: Tubo de PVC rígido branco PxB com virola e anel de borracha, linha esgoto série normal, DN= 100 mm, inclusive conexões | E41: M | F41: 12 | H41: =CEILING(F41*G41,0.01) -> 0
A42: 08.05.100 | B42: CDHU | C42: 3.6 | D42: Dreno com pedra britada | E42: M3 | F42: 0.29452431 | H42: =CEILING(F42*G42,0.01) -> 0
A43: 33.06.020 | B43: CDHU | C43: 3.7 | D43: Acrílico para quadras e pisos cimentados | E43: M2 | F43: 92.5 | H43: =CEILING(F43*G43,0.01) -> 0
A44: 05.07.040 | B44: CDHU | C44: 3.8 | D44: Remoção de entulho separado de obra com caçamba metálica - terra, alvenaria, concreto, argamassa, madeira, papel, plástico ou metal | E44: M3 | F44: 9.7125 | H44: =CEILING(F44*G44,0.01) -> 0
C45: 4 | D45: CAIXA DRENAGEM - FUNDO (AP E ESG) | H45: =SUM(H46:H59) -> 0 | I45: =H45/$H$68 -> #DIV/0!
A46: 06.02.020 | B46: CDHU | C46: 4.1 | D46: Escavação manual em solo de 1ª e 2ª categoria em vala ou cava até 1,5 m | E46: M3 | F46: 12.4 | H46: =CEILING(F46*G46,0.01) -> 0
A47: 11.18.040 | B47: CDHU | C47: 4.2 | D47: Lastro de pedra britada | E47: M3 | F47: 0.4 | H47: =CEILING(F47*G47,0.01) -> 0
A48: 09.01.030 | B48: CDHU | C48: 4.3 | D48: Forma em madeira comum para estrutura | E48: M2 | F48: 21.44 | H48: =CEILING(F48*G48,0.01) -> 0
A49: 10.01.040 | B49: CDHU | C49: 4.4 | D49: Armadura em barra de aço CA-50 (A ou B) fyk = 500 MPa | E49: KG | F49: 216.32 | H49: =CEILING(F49*G49,0.01) -> 0
A50: 11.01.100 | B50: CDHU | C50: 4.5 | D50: Concreto usinado, fck = 20 MPa | E50: M3 | F50: 2.704 | H50: =CEILING(F50*G50,0.01) -> 0
A51: 11.16.060 | B51: CDHU | C51: 4.6 | D51: Lançamento e adensamento de concreto ou massa em estrutura | E51: M3 | F51: 2.704 | H51: =CEILING(F51*G51,0.01) -> 0
A52: 06.11.040 | B52: CDHU | C52: 4.7 | D52: Reaterro manual apiloado sem controle de compactação | E52: M3 | F52: 8.944 | H52: =CEILING(F52*G52,0.01) -> 0
A53: 05.07.040 | B53: CDHU | C53: 4.8 | D53: Remoção de entulho separado de obra com caçamba metálica - terra, alvenaria, concreto, argamassa, madeira, papel, plástico ou metal | E53: M3 | F53: 5 | H53: =CEILING(F53*G53,0.01) -> 0
A54: 32.16.010 | B54: CDHU | C54: 4.9 | D54: Impermeabilização em pintura de asfalto oxidado com solventes orgânicos, sobre massa | E54: M2 | F54: 21.44 | H54: =CEILING(F54*G54,0.01) -> 0
A55: 46.02.070 | B55: CDHU | C55: 4.10 | D55: Tubo de PVC rígido branco PxB com virola e anel de borracha, linha esgoto série normal, DN= 100 mm, inclusive conexões | E55: M | F55: 150 | H55: =CEILING(F55*G55,0.01) -> 0
A56: 43.11.360 | B56: CDHU | C56: 4.11 | D56: Conjunto motor-bomba submersível vertical para águas residuais, Q= 2 a16 m³/h, Hman= 12 a 2 mca, potência de 0,5 cv | E56: UN | F56: 2 | H56: =CEILING(F56*G56,0.01) -> 0
A57: 38.19.040 | B57: CDHU | C57: 4.12 | D57: Eletroduto de PVC corrugado flexível leve, diâmetro externo de 32 mm | E57: M | F57: 75 | H57: =CEILING(F57*G57,0.01) -> 0
... A59: 40.20.300 | B59: CDHU | C59: 4.14 | D59: Chave de nível tipo boia pendular (pera), com contato micro switch | E59: UN | F59: 2 | H59: =CEILING(F59*G59,0.01) -> 0
C60: 5 | D60: SERVIÇOS COMPLEMENTARES / FINAIS | H60: =SUM(H61:H66) -> 0 | I60: =H60/$H$68 -> #DIV/0!
A61: 34.01.020 | B61: CDHU | C61: 5.1 | D61: Limpeza e regularização de áreas para ajardinamento (jardins e canteiros) | E61: M2 | F61: 86.2475 | H61: =CEILING(F61*G61,0.01) -> 0
A62: 34.02.100 | B62: CDHU | C62: 5.2 | D62: Plantio de grama esmeralda em placas (jardins e canteiros) | E62: M2 | F62: 76.2475 | H62: =CEILING(F62*G62,0.01) -> 0
A63: 34.02.070 | B63: CDHU | C63: 5.3 | D63: Forração com Lírio Amarelo, mínimo 18 mudas / m² - h= 0,50 m | E63: M2 | F63: 5 | H63: =CEILING(F63*G63,0.01) -> 0
A64: 34.02.110 | B64: CDHU | C64: 5.4 | D64: Forração com clorofito, mínimo de 20 mudas / m² - h= 0,15 m | E64: M2 | F64: 5 | H64: =CEILING(F64*G64,0.01) -> 0
A65: 34.03.120 | B65: CDHU | C65: 5.5 | D65: Arbusto Moréia - h= 0,50 m | E65: UN | F65: 20 | H65: =CEILING(F65*G65,0.01) -> 0
A66: 05.07.040 | B66: CDHU | C66: 5.6 | D66: Remoção de entulho separado de obra com caçamba metálica - terra, alvenaria, concreto, argamassa, madeira, papel, plástico ou metal | E66: M3 | F66: 25 | H66: =CEILING(F66*G66,0.01) -> 0
C68: VALOR TOTAL | H68: =SUM(H10:H66)/2 -> 0 | I68: =SUM(I8:I67) -> #DIV/0!
C70: Cidade e data

Sheet BDI
A3: CALCULO BDI
A5: A - LUCRO/BONIFICAÇÃO | C5: (3,83 a 9,96%) | E5: 0.05
A7: B - DESPESAS INDIRETAS (EXCLUÍDAS AS DESPESAS FINANCEIRAS) | E7: =SUM(D8:D12) -> 0.0605
B8: B.1 - ADMINISTRAÇÃO CENTRAL | C8: (0,11 a 8,03%) | D8: 0.045
B9: B.2 - SEGURO | D9: 0.0035
B10: B.3 - GARANTIA | C10: (0 a 0,42%) | D10: 0.002
B11: B.4 - RISCO | C11: (0 a 2,05%) | D11: 0.01
A13: C - DESPESAS FINANCEIRAS | E13: =SUM(D14:D16) -> 0.006
B14: C.1-DESPESAS FINACEIRAS | C14: (0 a 1,20%) | D14: 0.006
A17: D - TOTAL DOS TRIBUTOS | C17: (6,03 a 9,03%) | E17: =SUM(D18:D24) -> 0.0665
B18: D.1 - PIS | D18: 0.0065
B19: D.2 - COFINS | D19: 0.03
B20: D.3 - CSLL
B21: D.4 - IRPJ
B22: D.5 - ISS | D22: 0.03
B23: D.5- CPRB
A25: TOTAL DA TAXA DE BDI | E25: =((1+E5)*(1+E7)*(1+E13)/(1-E17))-1 -> 0.20000659
